TOP OF THE 1ST |
Surrey Sinners batting - Pitching for Colorado Commanders : RHP Alejandro Herrera
|
Pitching: RHP Alejandro Herrera
|
|
Batting: LHB Martín Garza
|
0-0: Fly out, F4 (Line Drive, 4M)
|
Batting: LHB Robert Mann
|
0-0: Foul Ball, location: 2F 0-1: Ball 1-1: Foul Ball, location: 2F 1-2: Foul Ball, location: 2F 1-2: Ball 2-2: Foul Ball, location: 2F 2-2: Strikes out swinging
|
Batting: RHB Dennis House
|
0-0: Swinging Strike 0-1: Swinging Strike 0-2: Strikes out looking
|
Top of the 1st over - 0 runs, 0 hits, 0 errors, 0 left on base; Surrey 0 - Colorado 0 |
BOTTOM OF THE 1ST |
Colorado Commanders batting - Pitching for Surrey Sinners : LHP Ramón Cardenas
|
Pitching: LHP Ramón Cardenas
|
|
Batting: RHB Félix Campos
|
0-0: Ball 1-0: Ball 2-0: Ball 3-0: Called Strike 3-1: Called Strike 3-2: Strikes out swinging
|
Batting: RHB Lawrence Ware
|
0-0: SOLO HOME RUN (Flyball, 7LD), Distance : 351 ft
|
Batting: LHB Arthur Guzmán
|
0-0: Ball 1-0: Fly out, F2 (Popup, 2LF)
|
Batting: RHB Henry Cahill
|
0-0: Ball 1-0: SINGLE (Line Drive, 5S)
|
Batting: LHB Francisco Ríos
|
0-0: Foul Ball, location: 2F 0-1: Foul Ball, location: 2F 0-2: Ball Wild Pitch! Henry Cahill to second 1-2: Strikes out swinging
|
Bottom of the 1st over - 1 run, 2 hits, 0 errors, 1 left on base; Surrey 0 - Colorado 1 |
TOP OF THE 2ND |
Surrey Sinners batting - Pitching for Colorado Commanders : RHP Alejandro Herrera
|
Batting: RHB Christian Porter
|
0-0: Foul Ball, location: 2F 0-1: Ball 1-1: Ball 2-1: Swinging Strike 2-2: Ball 3-2: Strikes out swinging
|
Batting: RHB Don Jackson
|
0-0: Ball 1-0: Called Strike 1-1: Swinging Strike 1-2: Ground out 3-1 (Groundball, 34)
|
Batting: RHB Jake Osborn
|
0-0: Ball 1-0: SINGLE (Flyball, 9S)
|
Batting: LHB Patrick Ferguson
|
0-0: Ball 1-0: Called Strike Jake Osborn steals 2nd base 1-1: Foul Ball, location: 2F 1-2: Strikes out looking
|
Top of the 2nd over - 0 runs, 1 hit, 0 errors, 1 left on base; Surrey 0 - Colorado 1 |
BOTTOM OF THE 2ND |
Colorado Commanders batting - Pitching for Surrey Sinners : LHP Ramón Cardenas
|
Batting: RHB William Dyer
|
0-0: Swinging Strike 0-1: Foul Ball, location: 2F 0-2: Ball 1-2: SINGLE (Groundball, 4D)
|
Batting: RHB Carlos Jiménez
|
0-0: Ball 1-0: Foul Ball, location: 2F 1-1: Foul Ball, location: 2F 1-2: Strikes out swinging
|
Batting: LHB Abraham Horton
|
0-0: Ball 1-0: Called Strike 1-1: Foul Ball, location: 2F 1-2: Ball 2-2: Strikes out swinging
|
Batting: RHB Sergio Gómez
|
0-0: Called Strike 0-1: Called Strike 0-2: Strikes out swinging
|
Bottom of the 2nd over - 0 runs, 1 hit, 0 errors, 1 left on base; Surrey 0 - Colorado 1 |
TOP OF THE 3RD |
Surrey Sinners batting - Pitching for Colorado Commanders : RHP Alejandro Herrera
|
Batting: RHB Tim van der Kamp
|
0-0: Ball 1-0: Ball 2-0: Ball 3-0: Called Strike 3-1: Base on Balls
|
Batting: RHB Francisco Martínez
|
0-0: Ball 1-0: Fly out, F3 (Popup, 3SF)
|
Batting: LHB Martín Garza
|
0-0: Ball 1-0: Fielders Choice at 2nd, 4-6 (Groundball, 4)
|
Batting: LHB Robert Mann
|
0-0: Swinging Strike 0-1: Ball Martín Garza is caught stealing 2nd base
|
Top of the 3rd over - 0 runs, 0 hits, 0 errors, 0 left on base; Surrey 0 - Colorado 1 |
BOTTOM OF THE 3RD |
Colorado Commanders batting - Pitching for Surrey Sinners : LHP Ramón Cardenas
|
Batting: RHB Félix Campos
|
0-0: Called Strike 0-1: Called Strike 0-2: Ball 1-2: Strikes out swinging
|
Batting: RHB Lawrence Ware
|
0-0: Ground out 4-3 (Groundball, 4S)
|
Batting: LHB Arthur Guzmán
|
0-0: Ball 1-0: Called Strike 1-1: Foul Ball, location: 2F 1-2: Strikes out swinging
|
Bottom of the 3rd over - 0 runs, 0 hits, 0 errors, 0 left on base; Surrey 0 - Colorado 1 |
TOP OF THE 4TH |
Surrey Sinners batting - Pitching for Colorado Commanders : RHP Alejandro Herrera
|
Batting: LHB Robert Mann
|
0-0: Ball 1-0: Ball 2-0: Ball 3-0: Base on Balls
|
Batting: RHB Dennis House
|
0-0: Called Strike 0-1: Foul Ball, location: 2F 0-2: Ground out 5-3 (Groundball, 56S) Robert Mann to second
|
Batting: RHB Christian Porter
|
0-0: Ball 1-0: Ball 2-0: Called Strike 2-1: Foul Ball, location: 2F 2-2: DOUBLE (Line Drive, 8RD) Robert Mann scores
|
Batting: RHB Don Jackson
|
0-0: Called Strike 0-1: Called Strike Christian Porter is caught stealing 3rd base 0-2: Ball 1-2: Foul Ball, location: 2F 1-2: SOLO HOME RUN (Flyball, 8RD), Distance : 416 ft
|
Batting: RHB Jake Osborn
|
0-0: Called Strike 0-1: Swinging Strike 0-2: Ball 1-2: Foul Ball, location: 2F 1-2: Ball 2-2: Strikes out swinging
|
Top of the 4th over - 2 runs, 2 hits, 0 errors, 0 left on base; Surrey 2 - Colorado 1 |
BOTTOM OF THE 4TH |
Colorado Commanders batting - Pitching for Surrey Sinners : LHP Ramón Cardenas
|
Batting: RHB Henry Cahill
|
0-0: Swinging Strike 0-1: SINGLE (Flyball, 9LS)
|
Batting: LHB Francisco Ríos
|
0-0: Called Strike 0-1: Swinging Strike 0-2: Ball 1-2: Ball 2-2: Strikes out swinging
|
Batting: RHB William Dyer
|
0-0: Called Strike 0-1: SINGLE (Groundball, 2R) (infield hit) Henry Cahill to second
|
Batting: RHB Carlos Jiménez
|
0-0: Ball 1-0: Foul Ball, location: 2F 1-1: SINGLE (Groundball, 6MD) Henry Cahill to third William Dyer to second Runner from 3rd tries for Home, SAFE, no throw
|
Batting: LHB Abraham Horton
|
0-0: Ball 1-0: Fly out, F8 (Flyball, 8LM)
|
Batting: RHB Sergio Gómez
|
0-0: Ball 1-0: Hit by Pitch William Dyer to third Carlos Jiménez to second
|
Batting: RHB Félix Campos
|
0-0: Fielders Choice at 2nd, 5-4 (Groundball, 5)
|
Bottom of the 4th over - 1 run, 3 hits, 0 errors, 3 left on base; Surrey 2 - Colorado 2 |
TOP OF THE 5TH |
Surrey Sinners batting - Pitching for Colorado Commanders : RHP Alejandro Herrera
|
Batting: LHB Patrick Ferguson
|
0-0: Reached on error, E3 (Groundball, 34S)
|
Batting: RHB Tim van der Kamp
|
0-0: Called Strike 0-1: Ball 1-1: Ball 2-1: Foul Ball, location: 2F 2-2: Ball 3-2: Strikes out swinging
|
Batting: RHB Francisco Martínez
|
0-0: Ball 1-0: Foul Ball, location: 2F 1-1: Foul Ball, location: 2F 1-2: Strikes out looking
|
Batting: LHB Martín Garza
|
0-0: Fly out, F3 (Line Drive, 3L)
|
Top of the 5th over - 0 runs, 0 hits, 1 error, 1 left on base; Surrey 2 - Colorado 2 |
BOTTOM OF THE 5TH |
Colorado Commanders batting - Pitching for Surrey Sinners : LHP Ramón Cardenas
|
Batting: RHB Lawrence Ware
|
0-0: Foul Ball, location: 2F 0-1: Fly out, F4 (Popup, 4D)
|
Batting: LHB Arthur Guzmán
|
0-0: Ball 1-0: Called Strike 1-1: Ball 2-1: Swinging Strike 2-2: Foul Ball, location: 2F 2-2: Ball 3-2: Base on Balls
|
Pitching: RHP Manuel Colón
|
|
Batting: RHB Henry Cahill
|
0-0: Ball 1-0: Called Strike 1-1: Fly out, F8 (Flyball, 89XD)
|
Batting: LHB Francisco Ríos
|
0-0: Ball 1-0: Ball 2-0: Foul Ball, location: 2F 2-1: Ball 3-1: Base on Balls Arthur Guzmán to second
|
Batting: RHB William Dyer
|
0-0: SINGLE (Groundball, 4MD) Arthur Guzmán to third Francisco Ríos to second Runner from 3rd tries for Home, throw and OUT!
|
Bottom of the 5th over - 0 runs, 1 hit, 0 errors, 2 left on base; Surrey 2 - Colorado 2 |
TOP OF THE 6TH |
Surrey Sinners batting - Pitching for Colorado Commanders : RHP Alejandro Herrera
|
Batting: LHB Robert Mann
|
0-0: Foul Ball, location: 2F 0-1: Ball 1-1: Ball 2-1: Swinging Strike 2-2: Foul Ball, location: 2F 2-2: Ball 3-2: Foul Ball, location: 2F 3-2: Base on Balls
|
Batting: RHB Dennis House
|
0-0: Ball 1-0: Foul Ball, location: 2F 1-1: Ball 2-1: Ball 3-1: Swinging Strike 3-2: Base on Balls Robert Mann to second
|
Batting: RHB Christian Porter
|
0-0: Ball 1-0: Foul Ball, location: 2F 1-1: Ball 2-1: Swinging Strike 2-2: SINGLE (Groundball, 15S) (infield hit) Robert Mann to third Dennis House to second
|
Batting: RHB Don Jackson
|
0-0: Called Strike 0-1: Swinging Strike 0-2: Ball 1-2: Foul Ball, location: 2F 1-2: Ball 2-2: Fly out, F7 (Flyball, 7) Runner from 3rd tags up, OUT at HOME Dennis House to third Christian Porter to second
|
Batting: RHB Jake Osborn
|
0-0: Called Strike 0-1: Ball 1-1: SINGLE (Line Drive, 7S) Dennis House scores Christian Porter to third Runner from 3rd tries for Home, SAFE, no throw
|
Pitching: RHP Alberto García
|
|
Batting: LHB Patrick Ferguson
|
0-0: Called Strike 0-1: Called Strike 0-2: Foul Ball, location: 2F 0-2: Strikes out swinging
|
Top of the 6th over - 2 runs, 2 hits, 0 errors, 1 left on base; Surrey 4 - Colorado 2 |
BOTTOM OF THE 6TH |
Colorado Commanders batting - Pitching for Surrey Sinners : RHP Manuel Colón
|
Batting: RHB Carlos Jiménez
|
0-0: Foul Ball, location: 2F 0-1: Called Strike 0-2: Ball 1-2: Strikes out swinging
|
Batting: LHB Abraham Horton
|
0-0: Called Strike 0-1: Ball 1-1: Ground out 5-3 (Groundball, 5L)
|
Batting: RHB Sergio Gómez
|
0-0: Foul Ball, location: 2F 0-1: Foul Ball, location: 2F 0-2: Strikes out looking
|
Bottom of the 6th over - 0 runs, 0 hits, 0 errors, 0 left on base; Surrey 4 - Colorado 2 |
TOP OF THE 7TH |
Surrey Sinners batting - Pitching for Colorado Commanders : RHP Alberto García
|
Batting: RHB Tim van der Kamp
|
0-0: Ball 1-0: Ball 2-0: Ball 3-0: Base on Balls
|
Batting: RHB Francisco Martínez
|
0-0: Sac Bunt - play at first, batter OUT! 1-3 Tim van der Kamp to second
|
Batting: LHB Martín Garza
|
0-0: Called Strike 0-1: Ball 1-1: Foul Ball, location: 2F 1-2: Fly out, F7 (Flyball, 7LS)
|
Batting: LHB Robert Mann
|
0-0: Called Strike 0-1: Swinging Strike 0-2: Ball 1-2: Ball 2-2: Foul Ball, location: 2F 2-2: Ground out 4-3 (Groundball, 4)
|
Top of the 7th over - 0 runs, 0 hits, 0 errors, 1 left on base; Surrey 4 - Colorado 2 |
BOTTOM OF THE 7TH |
Colorado Commanders batting - Pitching for Surrey Sinners : RHP Manuel Colón
|
Batting: RHB Félix Campos
|
0-0: Called Strike 0-1: Ball 1-1: Swinging Strike 1-2: Foul Ball, location: 2F 1-2: Strikes out swinging
|
Batting: RHB Lawrence Ware
|
0-0: Called Strike 0-1: Called Strike 0-2: Foul Ball, location: 2F 0-2: Ball 1-2: Ball 2-2: SINGLE (Flyball, 9LS) - OUT at second base trying to stretch hit.
|
Batting: LHB Arthur Guzmán
|
0-0: Ball 1-0: Reached on error, E1 (Groundball, 13)
|
Batting: RHB Henry Cahill
|
0-0: Called Strike 0-1: Called Strike 0-2: Foul Ball, location: 2F 0-2: Ball 1-2: Fielders Choice at 2nd, 5-4 (Groundball, 5L)
|
Bottom of the 7th over - 0 runs, 1 hit, 1 error, 1 left on base; Surrey 4 - Colorado 2 |
TOP OF THE 8TH |
Surrey Sinners batting - Pitching for Colorado Commanders : RHP Alberto García
|
Batting: RHB Dennis House
|
0-0: Ball 1-0: Ball 2-0: Called Strike 2-1: Ball 3-1: Ground out U3 (Groundball, 3)
|
Batting: RHB Christian Porter
|
0-0: Ball 1-0: Ball 2-0: Ball 3-0: Called Strike 3-1: Base on Balls
|
Batting: RHB Don Jackson
|
0-0: Ball 1-0: Fly out, F9 (Flyball, 9S)
|
Batting: RHB Jake Osborn
|
0-0: Called Strike 0-1: Ball 1-1: Hit by Pitch Christian Porter to second
|
Pinch Hitting: LHB Joe Spears
|
0-0: Called Strike 0-1: Ball 1-1: Swinging Strike 1-2: Strikes out swinging
|
Top of the 8th over - 0 runs, 0 hits, 0 errors, 2 left on base; Surrey 4 - Colorado 2 |
BOTTOM OF THE 8TH |
Colorado Commanders batting - Pitching for Surrey Sinners : RHP Manuel Colón
|
Now at 1B: Pedro Fernández
|
|
Batting: LHB Francisco Ríos
|
0-0: Ball 1-0: Ball 2-0: Ball 3-0: Base on Balls
|
Batting: RHB William Dyer
|
0-0: Ball 1-0: Foul Ball, location: 2F 1-1: SINGLE (Line Drive, 9S) Francisco Ríos to second
|
Pinch Hitting: SHB Miguel Price
|
0-0: Ball 1-0: Ball 2-0: Ball 3-0: Base on Balls Francisco Ríos to third William Dyer to second
|
Pitching: LHP José Morales
|
|
Pinch Hitting: RHB Júlio Ramos
|
0-0: Ball 1-0: Called Strike 1-1: Grounds into fielders choice 3-2 (Groundball, 3S) William Dyer to third Miguel Price to second
|
Batting: RHB Sergio Gómez
|
0-0: Ball 1-0: SINGLE (Flyball, 9LS) William Dyer scores Miguel Price to third Júlio Ramos to second
|
Batting: RHB Félix Campos
|
0-0: Ball 1-0: Ball 2-0: Swinging Strike 2-1: Ball 3-1: Fly out, F9 (Line Drive, 9) Runner from 3rd tags up, SCORES, throw made
|
Batting: RHB Lawrence Ware
|
0-0: Ball 1-0: Foul Ball, location: 2F 1-1: Swinging Strike 1-2: Ball 2-2: SINGLE (Flyball, 89S) Júlio Ramos to third Sergio Gómez to second Runner from 3rd tries for Home, SAFE, no throw
|
Batting: LHB Arthur Guzmán
|
0-0: Ball 1-0: Fly out, F7 (Line Drive, 7LM)
|
Bottom of the 8th over - 3 runs, 3 hits, 0 errors, 2 left on base; Surrey 4 - Colorado 5 |
TOP OF THE 9TH |
Surrey Sinners batting - Pitching for Colorado Commanders : RHP Alberto García
|
Pitching: RHP Jimmy MacAulay
|
|
Now at 3B: Alfredo Salinas
|
|
Now in LF: Miguel Price
|
|
Pinch Hitting: RHB Pat Simms
|
0-0: Ball 1-0: Ball 2-0: Foul Ball, location: 2F 2-1: Swinging Strike 2-2: Strikes out swinging
|
Pinch Hitting: RHB Jorge Barrios
|
0-0: SINGLE (Groundball, 4MD)
|
Pinch Runner at 1st Jeff Buck:
|
|
Batting: LHB Martín Garza
|
0-0: Ball 1-0: Foul Ball, location: 2F 1-1: Ball 2-1: Foul Ball, location: 2F 2-2: Foul Ball, location: 2F 2-2: Fly out, F7 (Flyball, 78D) Runner from 1st tags up, SAFE at 2nd
|
Batting: LHB Robert Mann
|
0-0: Foul Ball, location: 2F 0-1: Fly out, F6 (Line Drive, 56)
|
Top of the 9th over - 0 runs, 1 hit, 0 errors, 1 left on base; Surrey 4 - Colorado 5 |
|